 Dungeon Crawl Stone Soup version 0.31.0 (webtiles) character file.

Game seed: 7684865150260115420

207 ces the Chopper (level 5, 0/67 HPs)
             Began as a Minotaur Fighter on Jan 20, 2024.
             Succumbed to an orc's poison
             ... on level 3 of the Dungeon.
             The game lasted 00:03:19 (2152 turns).

ces the Chopper (Minotaur Fighter)                  Turns: 2152, Time: 00:03:20

Health: 0/67       AC: 22    Str: 20    XL:     5   Next: 54%
Magic:  4/4        EV:  2    Int:  5    God:
Gold:   155        SH:  4    Dex: 12    Spells: 4/4 levels left

rFire   . . .        a - +0 war axe
rCold   . . .        c - +0 buckler
rNeg    . . .        b - melded +0 scale mail
rPois   +            (helmet currently unavailable)
rElec   .            (cloak currently unavailable)
rCorr   .            (gloves currently unavailable)
SInv    .            (boots currently unavailable)
Will    .....        (no amulet)
Stlth   +            (no ring)
HPRegen 0.31/turn    (no ring)
MPRegen 0.09/turn

%: no passive effects
@: lethally poisoned (0 -> -11), tree-form
A: stationary, stasis, torment immunity, boosted hp, (horns 2), (retaliatory
headbutt)
a: no special abilities


You were on level 3 of the Dungeon.
You were a tree.
You visited 1 branch of the dungeon, and saw 3 of its levels.

You collected 155 gold pieces.

Inventory:

Hand Weapons
 a - a +0 war axe (weapon)
Armour
 b - a +0 scale mail (melded)
 c - a +0 buckler (worn)
Jewellery
 i - an amulet of magic regeneration
 q - a +5 ring of evasion
Wands
 p - a wand of digging (13)
Scrolls
 j - a scroll of immolation {unknown}
 l - a scroll of vulnerability {unknown}
 n - a scroll of brand weapon {unknown}
 o - 2 scrolls of teleportation {unknown}
Potions
 d - 2 potions of might
 e - a potion of cancellation
 f - a potion of brilliance
 h - a potion of enlightenment
 k - a potion of curing {unknown}
 m - a potion of haste {unknown}


   Skills:
 - Level 3.6 Fighting
 + Level 7.1 Axes
 - Level 3.6 Armour
 - Level 3.6 Shields


You had 4 spell levels left.
You didn't know any spells.
Your spell library contained the following spells:

 Spells                   Type           Power      Damage    Failure   Level
 Summon Small Mammal      Summ           0%         N/A       54%         1
 Call Canine Familiar     Summ           0%         N/A       89%         3
 Ozocubu's Armour         Ice            0%         N/A       89%         3
 Summon Blazeheart Golem  Fire/Summ      0%         N/A       100%        4
 Metabolic Englaciation   Hex/Ice        0%         N/A       100%        5
 Sculpt Simulacrum        Ice/Alch       0%         N/A       100%        6


Dungeon Overview and Level Annotations

Branches:
Dungeon (3/15)

Altars:

Shops:
D:2 ?


Innate Abilities, Weirdness & Mutations

You are a tree.
Your roots penetrate the ground, keeping you stationary.
You cannot be teleported.
You are immune to unholy pain and torment.
Your maximum health is greatly increased.
Your equipment is partially melded.
((You have a pair of horns on your head.))
((You reflexively headbutt those who attack you in melee.))


Message History

You block the orc's attack.
You slash the orc!
You kill the orc!
You closely miss the orc. Your headbutt misses the orc.
The orc is moderately wounded.
The orc hits you with a +2 dagger of venom.
You closely miss the orc wizard. Your headbutt misses the orc wizard.
The orc wizard is severely wounded.
You block the orc wizard's attack.
You hit the orc wizard but do no damage.
Your headbutt misses the orc wizard.
The orc wizard is severely wounded.
The orc wizard closely misses you. You furiously retaliate!
You headbutt the orc wizard. You slash the orc wizard!
You kill the orc wizard!
Your Axes skill increases to level 7!
You hit the orc. You headbutt the orc, but do no damage.
The orc is heavily wounded.
The orc hits you but does no damage.
You are poisoned.
You hit the orc but do no damage.
The orc is heavily wounded.
You feel very sick. The orc closely misses you. You furiously retaliate!
You headbutt the orc, but do no damage.
The orc hits you with a +2 dagger of venom.
* * * LOW HITPOINT WARNING * * *
You are lethally poisoned!
You slash the orc!
You kill the orc!
* * * LOW HITPOINT WARNING * * *
You feel very sick.
* * * LOW HITPOINT WARNING * * *
You feel very sick.
Items here: )))) [[[ †.
It was a potion of lignification.
You turn into a tree.
Your +0 scale mail melds into your body.
Your roots penetrate the ground.
You die...

♣♣♣♣♣######.......
#.##...........###
..#########...## # #.#
#.†##### ##.#### #......)
.....# ##.##### #.##.#
##'## #.##.# ##...## #
#♣##.# ##.....## #.
#..#.# ##.......##
#####.##....###.........#
.........)....'.........'
###.......###.........#
####..### ##.......##
#.## ##.....## #.#
##.).## ..# ##'#####


There were no monsters in sight!

Vanquished Creatures
  An orc priest (D:3)
  2 orc wizards (D:3)
  5 adders
  A dart slug (D:1)
  2 ribbon worms (D:2)
  8 orcs (D:3)
  3 endoplasms
  2 giant cockroaches
  A goblin (D:1)
  3 hobgoblins
  4 jackals (D:3)
  A quokka (D:1)
  3 ball pythons
  6 bats
  A kobold (D:1)
  4 rats
47 creatures vanquished.

Vanquished Creatures (others)
  An orc wizard (D:3)
1 creature vanquished.

Grand Total: 48 creatures vanquished

Notes
Turn   | Place    | Note
-------+----------+-------------------------------------------
     0 | D:1      | ces the Minotaur Fighter began the quest for the Orb.
     0 | D:1      | Reached XP level 1. HP: 19/19 MP: 0/0
   136 | D:1      | Reached skill level 3 in Axes
   181 | D:1      | Reached XP level 2. HP: 25/26 MP: 1/1
   643 | D:2      | Reached skill level 4 in Axes
   817 | D:2      | Found Wexesurr's Magic Scroll Emporium.
   839 | D:2      | Reached XP level 3. HP: 31/31 MP: 2/2
  1174 | D:2      | Reached skill level 5 in Axes
  1402 | D:3      | Reached XP level 4. HP: 31/39 MP: 3/3
  1954 | D:3      | Reached skill level 6 in Axes
  2134 | D:3      | Reached XP level 5. HP: 21/45 MP: 4/4
  2148 | D:3      | Reached skill level 7 in Axes
  2151 | D:3      | HP: 2/45 [poisoned by an orc]
  2152 | D:3      | Succumbed to an orc's poison

Illustrated notes

Levels and vault maps discovered:
D:1:      arrival_zaba_pyramid, layout_rooms
D:2:      layout_basic, serial_shops, shop_statue
D:3:      kennysheep_the_goblin_king, layout_loops_corners,
          fedhas_altar_fruit_tree

Skill      XL: |  1  2  3  4  5 |
---------------+----------------+-----
Axes           | 3 4 5 6 7 |  7.1
Fighting       | |  3.6
Armour         | |  3.6
Shields        | |  3.6

Action                     |  1- 3 |  4- 6 || total
---------------------------+-------+-------++-------
  Melee: War axe           |    72 |    53 ||   125
         Headbutt          |     7 |     6 ||    13
    Use: Scroll            |       |     3 ||     3
         Potion            |       |     1 ||     1
 Armour: Scale mail        |    55 |    41 ||    96
  Dodge: Dodged            |    33 |    23 ||    56
  Block: Buckler           |    13 |    11 ||    24
